 Dungeon Crawl Stone Soup version 0.18-a0-1314-g2549be2 (webtiles) character file.

47 Leibowitz the Skirmisher (level 3, 0/25 HPs)
             Began as a Kobold Fighter on Feb 14, 2016.
             Slain by Sigmund
             ... wielding a +0 scythe
              (2 damage)
             ... on level 2 of the Dungeon.
             The game lasted 00:02:56 (1173 turns).

Leibowitz the Skirmisher (Kobold Fighter)           Turns: 1173, Time: 00:02:56

Health: 0/25       AC:  5    Str: 19    XL:     3   Next: 97%
Magic:  3/3        EV: 12    Int: 11    God:
Gold:   65         SH: 10    Dex: 16    Spells: 0 memorised, 2 levels left

rFire  . . .     SeeInvis .     a - +0 rapier
rCold  . . .     Gourm    .     h - +0 robe
rNeg   . . .     Faith    .     c - +0 shield
rPois  .         Spirit   .     (no helmet)
rElec  .         Dismiss  .     k - +2 cloak
rCorr  .         Reflect  .     (no gloves)
SustAt .         Harm     .     (no boots)
MR     .....     Clarity  +     (no amulet)
Stlth  ++........               (no ring)
                                (no ring)

@: mighty, brilliant, not resistant to hostile enchantments, unstealthy
A: carnivore 3, clarity, robust 1, screaming 1
a: no special abilities


You were on level 2 of the Dungeon.
You were very full.

You visited 1 branch of the dungeon, and saw 2 of its levels.

You collected 65 gold pieces.

Inventory:

Hand Weapons
 a - a +0 rapier (weapon)
Missiles
 g - 18 poisoned needles
Armour
 b - a +0 scale mail
 c - a +0 shield (worn)
 h - a +0 robe (worn)
 k - a +2 cloak (worn)
Wands
 n - a wand of flame (21/48)
Scrolls
 i - 2 scrolls of teleportation {unknown}
 j - 2 scrolls of identify {unknown}
 l - 3 scrolls of amnesia {unknown}
Potions
 d - a potion of might
Comestibles
 f - 3 meat rations


   Skills:
 * Level 3.5 Fighting
 * Level 2.6 Short Blades
 * Level 2.6 Armour
 * Level 1.9 Dodging
 * Level 1.3 Stealth
 * Level 2.9 Shields


You had 2 spell levels left.
You didn't know any spells.

Dungeon Overview and Level Annotations

Branches:
Dungeon (2/15)

Altars:

Annotations:
D:2 Sigmund


Innate Abilities, Weirdness & Mutations

You are small and have problems with some larger weapons.
You are carnivorous and can eat meat at any time.
You possess an exceptional clarity of mind.
You are robust (+10% HP).
You occasionally shout uncontrollably at your foes.


Message History

You bump into the rock wall.
Sigmund hits you from afar with a scythe.
You see here a rat corpse.
You're too confused to move!
Sigmund closely misses you.
You miss Sigmund.
Sigmund casts a spell.
Sigmund flickers and vanishes!
Deactivating autopickup; reactivate with Ctrl-A.
You closely miss something. Something hits you!
You bump into the rock wall.
You feel less confused.
You hear some strange, mumbled words.
Something tries to affect you, but you resist.
You hit something. Something hits you!
* * * LOW HITPOINT WARNING * * *
You hit something.
Your shield prevents you from hitting something.
Something barely misses you.
You puncture something! Something hits you.
You die...

###.######.# #.# #.# #.#
#.# #.# ####.#
####'###....#
############...........#
+..........'.).........#
#####..####.......##...
##@# #...(...##...
......{....+.......++...
####....####.......##...
#..... #.......##...
#...#. ####+#### ...
#### .# .. #.


There were no monsters in sight!

Vanquished Creatures
  Jessica (D:2)
  A ball python (D:2)
  A giant cockroach (D:1)
  2 goblins (D:1)
  2 hobgoblins
  2 jackals (D:1)
  2 bats (D:1)
  6 kobolds
  2 rats
19 creatures vanquished.

Notes
Turn   | Place    | Note
--------------------------------------------------------------
     0 | D:1      | Leibowitz the Kobold Fighter began the quest for the Orb.
     0 | D:1      | Reached XP level 1. HP: 14/14 MP: 1/1
   298 | D:1      | Reached XP level 2. HP: 16/19 MP: 2/2
   309 | D:1      | Reached skill level 1 in Stealth
   833 | D:2      | Reached XP level 3. HP: 14/23 MP: 3/3
   973 | D:2      | Noticed Jessica
   988 | D:2      | Killed Jessica
   988 | D:2      | Reached skill level 1 in Dodging
  1157 | D:2      | Noticed Sigmund
  1162 | D:2      | Gained mutation: You are robust (+10% HP). [potion of mutation]
  1162 | D:2      | Gained mutation: You possess an exceptional clarity of mind. [potion of mutation]
  1162 | D:2      | Gained mutation: You occasionally shout uncontrollably at your foes. [potion of mutation]
  1170 | D:2      | HP: 1/25 [something (9)]
  1173 | D:2      | Slain by Sigmund

Vault maps used:
D:1:      onia_arrival_pentagram
D:2:      tso_altar, uniq_sigmund, uniq_jessica

Action                   || total
-------------------------++-------
Melee: Rapier            ||    82
  Use: Potion            ||     3
 Stab: Distracted        ||     1
  Eat: Chunk             ||     8
